 Dungeon Crawl Stone Soup version 0.31-a0-627-gd65175cf8b (webtiles) character file.

Game seed: 10273617031380173501

1657 CrazyBamboolord the Thaumaturge (level 8, 0/58 HPs)
             Began as a Mummy Necromancer on Aug 25, 2023.
             Was a Follower of Kikubaaqudgha.
             Slain by a wight
             ... wielding a +4 spear
              (6 damage)
             ... on level 6 of the Dungeon.
             The game lasted 00:10:54 (6777 turns).

CrazyBamboolord the Thaumaturge (Mummy Necromancer) Turns: 6777, Time: 00:10:54

Health: 0/58       AC:  4    Str: 11    XL:     8   Next: 68%
Magic:  20/20      EV: 12    Int: 17    God:    Kikubaaqudgha [*.....]
Gold:   500        SH:  0    Dex: 12    Spells: 11/24 levels left

rFire   x . .        f - +1 spear (venom)
rCold   + + .        (no shield)
rNeg    + + +        a - +0 robe
rPois   ∞            (no helmet)
rElec   .            b - +0 cloak
rCorr   .            e - +0 pair of gloves
SInv    .            (no boots)
Will    +....        d - amulet of regeneration
Stlth   ++           k - ring of protection from cold
HPRegen 1.09/turn    (no ring)
MPRegen 0.17/turn

%: faith
@: about to teleport, studying Axes
A: cold resistance 1, negative energy resistance 3, torment resistance 2, heat
vulnerability 1, in touch with death 1, no potions, faith
a: Renounce Religion, Unearth Wretches


You were on level 6 of the Dungeon.
You worshipped Kikubaaqudgha.
Kikubaaqudgha was aware of your devotion.
You visited 2 branches of the dungeon, and saw 8 of its levels.

You collected 500 gold pieces.

Inventory:

Hand Weapons
 f - a +1 spear of venom (weapon)
Armour
 a - a +0 robe (worn)
 b - a +0 cloak (worn)
 e - a +0 pair of gloves (worn)
Jewellery
 d - an amulet of regeneration (around neck)
 k - a ring of protection from cold (left hand)
Wands
 q - a wand of iceblast (3)
Scrolls
 g - 3 scrolls of teleportation
 h - a scroll of fear
 i - 3 scrolls of immolation
 j - a scroll of amnesia {unknown}
 l - a scroll of enchant weapon {unknown}
 n - a scroll of fog {unknown}
 o - a scroll of torment {unknown}
 p - a scroll of poison


   Skills:
 * Level 3.1 Fighting
 * Level 3.1 Dodging
 + Level 1.9 Stealth
 * Level 8.6 Spellcasting
 * Level 8.2 Necromancy


You had 11 spell levels left.
You knew the following spells:

 Your Spells              Type           Power      Damage    Failure   Level
a - Necrotise             Necr           100%       1d9       1%          1
b - Vampiric Draining     Necr           52%        2d9       1%          3
c - Animate Dead          Necr           52%        N/A       3%          4
d - Agony                 Necr           52%        N/A       10%         5

Your spell library contained the following spells:

 Spells                   Type           Power      Damage    Failure   Level
 Cigotuvi's Dreadful Rot  Necr/Pois/Air  50%        N/A       4%          2
 Freeze                   Ice            28%        1d5       10%         1
 Shock                    Conj/Air       28%        1d4       10%         1
 Sting                    Tmut/Pois      28%        1d4       10%         1
 Poisonous Vapours        Pois/Air       14%        N/A       14%         2
 Frozen Ramparts          Ice            14%        1d3       28%         3
 Hailstorm                Conj/Ice       7%         3d4       28%         3
 Swiftness                Air            7%         N/A       28%         3
 Airstrike                Air            3%         2d(1-17)  67%         4
 Olgreb's Toxic Radiance  Pois           7%         N/A       67%         4


Dungeon Overview and Level Annotations

Branches:
Dungeon (7/15)             Temple (1/1) D:5

Altars:
Ashenzari
Cheibriados
Fedhas
Gozag
Kikubaaqudgha
Nemelex Xobeh
Okawaru
Qazlal
Sif Muna
Trog
Wu Jian
Xom
Yredelemnul

Shops:
D:5 *

Annotations:
D:4 3 runed translucent doors, Vruhak's ghost, amateur VSGl


Innate Abilities, Weirdness & Mutations

You are immune to poison.
Your flesh is cold resistant. (rC+)
You are immune to negative energy. (rN+++)
You are immune to unholy pain and torment.
You are vulnerable to heat. (rF-)
You are in touch with the powers of death.
You do not drink.
You have a special connection with the divine. (Faith)


Message History

You hit the wight. Your punch misses the wight.
The wight is moderately damaged.
The wight misses you.
You hit the wight but do no damage.
The wight is moderately damaged.
The wight hits you with a +4 spear!
You closely miss the wight.
The wight is moderately damaged.
The wight hits you with a +4 spear.
You barely miss the wight.
The wight is moderately damaged.
The wight barely misses you.
You hit the wight.
The wight is heavily damaged.
The wight hits you with a +4 spear!
You barely miss the wight.
The wight is heavily damaged.
The wight hits you with a +4 spear.
You hit the wight but do no damage. Your punch misses the wight.
The wight is heavily damaged.
The wight misses you.
You barely miss the wight.
The wight is heavily damaged.
The wight hits you with a +4 spear!
You are too injured to fight recklessly!
You hit the wight but do no damage.
The wight is heavily damaged.
The wight hits you with a +4 spear!
* * * LOW HITPOINT WARNING * * *
You hit the wight but do no damage.
The wight is heavily damaged.
The wight hits you with a +4 spear!
* * * LOW HITPOINT WARNING * * *
The wight hits you with a +4 spear.
* * * LOW HITPOINT WARNING * * *
Okay, then.
As you read the scroll of teleportation, it crumbles to dust.
You feel strangely unstable. The wight hits you with a +4 spear.
You die...
Kikubaaqudgha rasps: "You have failed me!
Welcome... oblivion!"

######### ####### §≈≈.....#
#.....# #≈§§....####
#####.....# ..≈≈._...'.#
..........# #≈≈≈....##.#
#####.....# ≈≈≈.....##[#
..........# ##########.#
...##.....######## ###.#
................@######...#
...###########...z...)..###
...# ###.######## ...# #.#
...# #.# ...# #.# ...# #.#
...# #.# ...# ###########.#


You could see a wight.

Vanquished Creatures
  Sigmund (D:6)
  Menkaure (D:4)
  An orc warrior (D:6)
  A black bear (D:4)
  2 centaurs
  A bullfrog (D:4)
  4 scorpions
  A jelly (D:4)
  2 hounds
  3 orc priests
  Crazy Yiuf (D:2)
  4 sleepcaps
  4 iguanas
  Terence (D:2)
  An orc wizard (D:6)
  3 gnolls (D:5)
  10 adders
  A white imp (D:6)
  3 worms
  3 dart slugs
  14 orcs
  6 ball pythons
  10 bats
  8 endoplasms
  5 giant cockroaches
  9 goblins
  8 hobgoblins
  3 jackals (D:5)
  4 quokkas
  3 frilled lizards
  6 kobolds
  5 rats
129 creatures vanquished.

Vanquished Creatures (collateral kills)
  A white imp (D:5)
  2 orcs
  3 bats (D:5)
  A rat (D:2)
  A butterfly (D:4)
8 creatures vanquished.

Grand Total: 137 creatures vanquished

Notes
Turn   | Place    | Note
-------+----------+-------------------------------------------
     0 | D:1      | CrazyBamboolord the Mummy Necromancer began the quest for
                  | the Orb.
     0 | D:1      | Reached XP level 1. HP: 13/13 MP: 4/4
   165 | D:1      | Reached XP level 2. HP: 19/19 MP: 0/5
   787 | D:2      | Gained mutation: You are in touch with the powers of death.
                  | [Mummy growth]
   787 | D:2      | Reached XP level 3. HP: 23/25 MP: 0/8
  1058 | D:2      | Reached XP level 4. HP: 30/31 MP: 1/10
  1478 | D:2      | Noticed Terence
  1484 | D:2      | Killed Terence
  1544 | D:2      | Reached skill level 5 in Necromancy
  1727 | D:2      | Found a faded altar of an unknown god.
  1811 | D:2      | Found a runed translucent door.
  1812 | D:2      | Noticed Crazy Yiuf
  1872 | D:2      | Learned a level 3 spell: Vampiric Draining
  1878 | D:2      | Killed Crazy Yiuf
  1879 | D:2      | Reached skill level 1 in Fighting
  1879 | D:2      | Reached XP level 5. HP: 17/37 MP: 8/11
  3021 | D:4      | Learned a level 4 spell: Animate Dead
  3040 | D:4      | Reached skill level 5 in Spellcasting
  3198 | D:4      | Found an iron altar of Okawaru.
  3230 | D:4      | Reached XP level 6. HP: 43/43 MP: 9/13
  3410 | D:4      | Found a shimmering blue altar of Sif Muna.
  3518 | D:4      | Found a runed translucent gate.
  3518 | D:4      | Identified the +0 scale mail of Josy {Rampage rElec Str+6
                  | Stlth-}
  3519 | D:4      | Found a runed translucent gate.
  3519 | D:4      | Noticed Vruhak's ghost (amateur VSGl)
  3520 | D:4      | Found a runed translucent gate.
  3670 | D:4      | Noticed Menkaure
  3836 | D:4      | Found a shimmering altar of Xom.
  4106 | D:4      | Reached XP level 7. HP: 46/49 MP: 10/16
  4395 | D:4      | Killed Menkaure
  4689 | D:5      | Entered Level 5 of the Dungeon
  4783 | D:5      | Found a staircase to the Ecumenical Temple.
  4796 | Temple   | Entered the Ecumenical Temple
  4802 | Temple   | Became a worshipper of Kikubaaqudgha
  4955 | D:5      | Found Zin's Purification Station.
  5259 | D:5      | Reached * piety under Kikubaaqudgha
  5259 | D:5      | Received a gift from Kikubaaqudgha
  5260 | D:5      | Reached XP level 8. HP: 53/56 MP: 12/19
  5746 | D:6      | Found an opulent altar of Gozag.
  5777 | D:6      | Noticed Sigmund
  5789 | D:6      | Killed Sigmund
  6114 | D:6      | Found Boripem's CLEARANCE SALE!.
  6537 | D:6      | Found an ornate altar of the Wu Jian Council.
  6746 | D:6      | Learned a level 5 spell: Agony
  6777 | D:6      | Slain by a wight

Illustrated notes

Levels and vault maps discovered:
D:1:      mrwooster_arrival_statue_3, layout_rooms, minmay_pentomino_o4
D:2:      layout_loops_cross, ebering_ecumenical_altar_rust, st_stairs_14,
          serial_bayou_pond_b, uniq_crazy_yiuf_cottage, uniq_terence
D:3:      layout_basic, kennysheep_cluttered_room, corexii_shack,
          kennysheep_generic_room_10
D:4:      kennysheep_spiral_hall, layout_loops_ring, led_sif_pool, tso_altar,
          mainiacjoe_overflow_six_doors_small, xom_butterflies,
          amcnicky_altar_gilded, biasface_ghost_orc_armoury, uniq_menkaure
D:5:      layout_basic, zin_purify, minmay_temple_entry_mini_moons,
          roderic_batcave, minmay_manual_mess
D:6:      layout_basic, nicolae_wu_jian_glorious_leap, grunt_gozag_breadcrumbs,
          nicolae_shop_clearance, uniq_sigmund
D:7:      layout_gridville, lightli_temple_of_fire, vehumet_altar_wand_db
Temple:   hellmonk_temple_of_storms

Skill      XL: |  1  2  3  4  5  6  7  8 |
---------------+-------------------------+-----
Spellcasting   | 3 4 5 6 7 8 |  8.6
Necromancy     | 5 6 7 8 |  8.2
Fighting       | 1 2 3 |  3.1
Dodging        | 2 3 |  3.1
Stealth        | |  1.9

Action                     |  1- 3 |  4- 6 |  7- 9 || total
---------------------------+-------+-------+-------++-------
  Melee: Spear             |    18 |    14 |    38 ||    70
   Cast: Necrotise         |    55 |   130 |   111 ||   296
         Vampiric Draining |       |       |    12 ||    12
    Use: Scroll            |     2 |     5 |     4 ||    11
   Stab: Sleeping          |       |     2 |       ||     2
         Distracted        |       |     1 |       ||     1
 Armour: Robe              |     7 |    14 |    39 ||    60
  Dodge: Dodged            |    22 |    38 |   106 ||   166

Table legend: (Time is in decaauts)
 A = Elapsed time spent in this place.
 B = Non-inter-level travel time spent in this place.
 C = Inter-level travel time spent in this place.
 D = Time resting spent in this place.
 E = Time spent auto-exploring this place.
 F = Levels seen in this place.
 G = Mean time per level.
                   A        B        C        D        E       F      G
               +--------+--------+--------+--------+--------+-----+--------+
         Total |   6783 |   6612 |    171 |    249 |   5392 |   8 |  847.9 |
       Dungeon |   6764 |   6593 |    171 |    249 |   5392 |   7 |  966.3 |
        Temple |     18 |     18 |      0 |      0 |      0 |   1 |   18.0 |
               +--------+--------+--------+--------+--------+-----+--------+

Top non-repeatable levels by time:
     D:4: 1675 daAuts
     D:2: 1250 daAuts
     D:5: 1043 daAuts
     D:6: 1026 daAuts
     D:3: 990 daAuts
     D:1: 776 daAuts
  Temple: 18 daAuts
     D:7: 1 daAuts
